 Dungeon Crawl Stone Soup version 0.28-a0-919-g0b5b508569 (webtiles) character file.

Game seed: 14141190256304727011

14496 avis the Cleaver (level 12, 0/106 HPs)
             Began as a Hill Orc Fighter on Nov 23, 2021.
             Was an Elder of Beogh.
             Succumbed to a naga's splash of poison
             ... on level 2 of the Lair of Beasts on Nov 25, 2021.
             The game lasted 01:23:02 (13766 turns).

avis the Cleaver (Hill Orc Fighter)                Turns: 13766, Time: 01:23:02

Health: 0/106      AC: 12    Str: 24    XL:     12   Next: 17%
Magic:  18/18      EV:  4    Int:  8    God:    Beogh [****..]
Gold:   651        SH: 13    Dex: 10    Spells: 11/11 levels left

rFire   + . .      SeeInvis +   b - +4 flail (freeze)
rCold   + . .      Faith    .   j - +5 kite shield of Cokhocog {rF+ SInv Stlth-}
rNeg    . . .      Spirit   .   X - +0 chain mail
rPois   .          Reflect  .   (no helmet)
rElec   .          Harm     .   q - +0 cloak
rCorr   +          Rampage  .   R - +0 pair of gloves
Will    .....                   (no boots)
Stlth   ..........              O - amulet of regeneration
HPRegen 1.07/turn               i - ring of protection from cold
MPRegen 0.16/turn               I - ring of resist corrosion

@: lethally poisoned (0 -> -2), hasted, constricted, very quick
A: no striking features
a: Renounce Religion, Smiting, Recall Orcish Followers


You were on level 2 of the Lair of Beasts.
You worshipped Beogh.
Beogh was greatly pleased with you.
You visited 3 branches of the dungeon, and saw 14 of its levels.

You collected 685 gold pieces.
You spent 34 gold pieces at shops.

Inventory:

Hand Weapons
 a - a +2 whip of electrocution
 b - a +4 flail of freezing (weapon)
 w - a +2 scimitar of freezing
Missiles
 c - 14 arrows
 u - a curare-tipped dart
 J - 3 atropa-tipped darts
 L - 35 poisoned darts (quivered)
Armour
 j - the +5 kite shield of Cokhocog (worn) {rF+ SInv Stlth-}
   (You found it on level 7 of the Dungeon)

   rF:        It protects you from fire.
   SInv:      It lets you see invisible.
   Stlth:     It makes you less stealthy.
 q - a +0 cloak (worn)
 R - a +0 pair of gloves (worn)
 X - a +0 chain mail (worn)
Jewellery
 i - a ring of protection from cold (left hand)
 I - a ring of resist corrosion (right hand)
 O - an amulet of regeneration (around neck)
Wands
 d - a wand of flame (42)
 h - a wand of polymorph (16)
 x - a wand of mindburst (7)
 U - a wand of acid (7)
 W - a wand of iceblast (10)
Scrolls
 e - 6 scrolls of teleportation
 m - a scroll of holy word {unknown}
 p - 3 scrolls of immolation {unknown}
 y - 4 scrolls of amnesia
 A - 4 scrolls of magic mapping
 B - 3 scrolls of enchant weapon {unknown}
 C - 2 scrolls of noise {unknown}
 D - 2 scrolls of fear {unknown}
 G - a scroll of vulnerability {unknown}
 Z - a scroll of fog
Potions
 n - 3 potions of brilliance
 s - a potion of haste
 t - 2 potions of lignification
 v - a potion of berserk rage
 H - a potion of magic
 N - a potion of resistance {unknown}
 P - a potion of might
 Q - a potion of cancellation
 S - a potion of flight
Miscellaneous
 F - a box of beasts


   Skills:
 - Level 10.0 Fighting
 - Level 13.4(15.9) Axes
 - Level 12.1(14.0) Maces & Flails
 - Level 5.0 Armour
 - Level 5.0 Dodging
 - Level 4.0 Shields
 * Level 8.1 Invocations


You had 11 spell levels left.
You didn't know any spells.
Your spell library contained the following spells:

 Spells                   Type           Power      Damage    Failure   Level
 Freeze                   Ice            0%         1d3       100%        1
 Conjure Flame            Conj/Fire      0%         6-21      100%        3
 Frozen Ramparts          Ice            0%         1d2       100%        3
 Ignite Poison            Fire/Tmut/Pois 0%         N/A       100%        3
 Fulminant Prism          Conj/Hex       0%         3d6       100%        4
 Hailstorm                Conj/Ice       0%         3d3       100%        4
 Iskenderun's Mystic Bla  Conj/Tloc      0%         2d3       100%        4
 Sticky Flame             Conj/Fire      0%         2d3       100%        4
 Lee's Rapid Deconstruct  Erth           0%         3d5*      100%        5
 Dispersal                Tloc           0%         N/A       100%        6
 Disjunction              Tloc           0%         N/A       100%        8


Dungeon Overview and Level Annotations

Branches:
Dungeon (11/15)            Temple (1/1) D:6            Lair (2/6) D:10
  Snake (0/4) Lair:2          Orc (0/2) D:9
  Swamp: Lair:2-4    Shoals: Lair:2-4

Altars:
Ashenzari
Cheibriados
Dithmenos
Elyvilon
Fedhas
Gozag
Hepliaklqana
Kikubaaqudgha
Makhleb
Nemelex Xobeh
Okawaru
Qazlal
Ru
Sif Muna
Trog
Uskayaw
Vehumet
Wu Jian
Xom
Yredelemnul
Zin
The Shining One

Shops:
D:3 *   D:6 (   D:8 !*   D:9 !

Portals:
Abyss: D:5

Annotations:
D:5 2 transporters, Libra00's ghost, novice MiGl


Message History

The naga constricts you. The naga spits poison at you.
The splash of poison hits you.
You are poisoned.
* * * LOW HITPOINT WARNING * * *
A naga comes into view.
It is wielding a +2 war axe of electrocution.
The naga hits you with a +0 mace.
* * * LOW HITPOINT WARNING * * *
A yak comes into view.
You feel much better.
You feel sick.
The yak bellows!
The naga hits you with a +0 glaive. The naga constricts you.
You block the naga's attack. You block the water moccasin's attack.
The naga spits poison at you.
The splash of poison hits you but does no damage.
You are more poisoned.
You feel better. You block the naga's attack. The naga constricts you.
The water moccasin bites you but does no damage.
The naga hits you with a +0 scimitar! You block the naga's attack.
You feel yourself speed up. You block the water moccasin's attack.
The naga hits you with a +0 glaive!
* * * LOW HITPOINT WARNING * * *
The naga constricts you.
* * * LOW HITPOINT WARNING * * *
The naga hits you with a +0 scimitar!
* * * LOW HITPOINT WARNING * * *
You block the water moccasin's attack. The naga hits you with a +0 mace!
* * * LOW HITPOINT WARNING * * *
You hit the naga. You freeze the naga.
The naga is severely wounded.
The naga spits poison at you.
The splash of poison hits you but does no damage.
You are poisoned.
The naga constricts you.
* * * LOW HITPOINT WARNING * * *
You block the water moccasin's attack. You block the naga's attack.
Unknown command.
You hit the naga. You freeze the naga.
The naga is severely wounded.
You die...

##.##.P.## .##.###
#........####......
####.......P#.##......
#P.+........#.#P......
#..........#.#.+......
#..................
#.o......#P.#......
#o.......####....<.
#N@o....## #......
(.N..YNNS....# #......
.>.....Y.....#
#P....).
.............#
#.......
.....#..#.####
#####PP. .....#..>..
##.. ...# #P#.... ...
... ## ..... ..


You could see 2 yaks, a water moccasin, 4 nagas, a friendly orc warrior, a
friendly orc priest and the friendly Bogrim the orc priest.

Vanquished Creatures
  Erolcha (D:8)
  A hydra (Lair:1)
  A cyclops (D:8)
  Joseph (D:10)
  A cane toad (Lair:1)
  A torpor snail (Lair:2)
  A kobold demonologist (D:10)
  5 komodo dragons
  2 rime drakes (Lair:1)
  A hornet (D:9)
  2 blink frogs (Lair:1)
  2 shadows
  21 yaks
  2 wyverns
  3 vampire mosquitoes (D:10)
  A steam dragon (D:5)
  2 basilisks
  5 water moccasins
  3 black bears
  A hornet zombie (D:6)
  2 ice beasts (D:7)
  A sky beast (D:6)
  3 orc warriors
  2 centaurs
  2 kobold brigands
  8 bullfrogs
  7 scorpions
  4 howler monkeys
  9 wights
  3 centaur zombies
  2 jellies
  5 orc priests
  2 gnoll shamans (D:8)
  A bullfrog skeleton (D:6)
  2 hounds (D:5)
  A centaur skeleton (D:6)
  Natasha (thrice) (D:2)
  3 iguanas (D:6)
  11 orc wizards
  A howler monkey zombie (D:9)
  14 adders
  9 gnolls
  A white imp (D:5)
  2 ufetubi
  3 worms (D:2)
  4 dart slugs
  22 orcs
  7 endoplasms
  2 giant cockroaches (D:3)
  3 goblins
  4 hobgoblins
  7 jackals
  5 quokkas
  6 ball pythons
  17 bats
  4 frilled lizards
  16 kobolds
  7 rats
262 creatures vanquished.

Vanquished Creatures (collateral kills)
  A two-headed ogre (D:10)
  A rime drake (Lair:1)
  A blink frog (Lair:1)
  A water moccasin (Lair:1)
  2 bullfrogs (Lair:1)
  A scorpion (D:10)
  An orc priest (D:9)
  An orc wizard (D:10)
9 creatures vanquished.

Vanquished Creatures (others)
  An orc knight (Lair:1)
  2 orc warriors (D:10)
  4 orcs
  27 fungi
  30 plants
64 creatures vanquished.

Grand Total: 335 creatures vanquished

Notes
Turn   | Place    | Note
-------+----------+-------------------------------------------
     0 | D:1      | avis the Hill Orc Fighter began the quest for the Orb.
     0 | D:1      | Reached XP level 1. HP: 19/19 MP: 1/1
   204 | D:1      | Reached skill level 3 in Axes
   416 | D:1      | Reached XP level 2. HP: 24/26 MP: 2/2
   545 | D:1      | Reached skill level 4 in Axes
   583 | D:1      | Found a faded altar of an unknown god.
   924 | D:2      | Reached XP level 3. HP: 27/31 MP: 3/3
  1066 | D:2      | Reached skill level 5 in Axes
  1111 | D:2      | Noticed Natasha
  1114 | D:2      | Killed Natasha
  1115 | D:2      | Reached XP level 4. HP: 39/39 MP: 4/4
  1224 | D:2      | Reached skill level 6 in Axes
  1331 | D:2      | Noticed Natasha
  1333 | D:2      | Killed Natasha
  1455 | D:2      | Reached XP level 5. HP: 44/45 MP: 5/5
  1872 | D:2      | Reached skill level 7 in Axes
  1990 | D:2      | Noticed Natasha
  1995 | D:2      | Killed Natasha
  2549 | D:3      | Found Anioh's Assorted Antiques.
  3006 | D:4      | Reached XP level 6. HP: 49/53 MP: 6/6
  3289 | D:4      | Became a worshipper of Beogh the Brigand
  3705 | D:4      | Reached skill level 8 in Axes
  3713 | D:4      | Reached skill level 1 in Invocations
  3716 | D:4      | Reached XP level 7. HP: 44/60 MP: 6/8
  3834 | D:4      | Reached skill level 5 in Fighting
  3856 | D:4      | Found the +7 Singing Sword {vorpal, sonic wave}
  4006 | D:5      | Entered Level 5 of the Dungeon
  4006 | D:5      | Found a transporter.
  4188 | D:5      | Reached skill level 9 in Axes
  4305 | D:5      | Found a one-way gate to the infinite horrors of the Abyss.
  4305 | D:5      | Noticed Libra00's ghost (novice MiGl)
  4306 | D:5      | Noticed an ancient zyme
  4309 | D:5      | Noticed a steam dragon
  4420 | D:5      | Found a transporter.
  4464 | D:5      | Killed a steam dragon
  4675 | D:5      | Noticed a small abomination
  4938 | D:5      | Reached XP level 8. HP: 70/70 MP: 10/10
  5106 | D:5      | Reached * piety under Beogh
  5113 | D:5      | Reached skill level 10 in Axes
  5407 | D:6      | Found a staircase to the Ecumenical Temple.
  5416 | Temple   | Entered the Ecumenical Temple
  6251 | D:6      | Found Qeidwos's Antique Weapon Boutique.
  6259 | D:6      | Reached skill level 5 in Invocations
  6311 | D:6      | Identified the +1 ring mail "Suireeg" {rF+ rCorr Int-3
                  | Dex+3}
  6604 | D:6      | Reached skill level 11 in Axes
  6675 | D:6      | Reached XP level 9. HP: 48/79 MP: 13/13
  7223 | D:7      | Identified the +5 kite shield of Cokhocog {rF+ SInv Stlth-}
  7322 | D:7      | Reached skill level 12 in Axes
  7906 | D:8      | Noticed a cyclops
  7919 | D:8      | Killed a cyclops
  7971 | D:7      | Reached ** piety under Beogh
  8225 | D:8      | Reached skill level 13 in Axes
  8598 | D:8      | Reached skill level 1 in Maces & Flails
  8874 | D:8      | Found Veoxko's Island Escapes.
  9046 | D:8      | Bought a scroll of fog for 22 gold pieces
  9196 | D:8      | Reached XP level 10. HP: 61/89 MP: 15/15
  9229 | D:9      | Noticed Erolcha
  9255 | D:8      | Killed Erolcha
  9256 | D:8      | Reached skill level 5 in Maces & Flails
  9343 | D:9      | Reached *** piety under Beogh
  9565 | D:9      | Found Urihiqou's Distillery.
  9573 | D:9      | Bought a potion of degeneration for 12 gold pieces
  9628 | D:9      | Reached skill level 10 in Fighting
  9693 | D:9      | Found a staircase to the Orcish Mines.
  9975 | Temple   | Upgraded the game from 0.28-a0-906-g0406aca7d3 to
                  | 0.28-a0-919-g0b5b508569
 10637 | D:10     | Entered Level 10 of the Dungeon
 10897 | D:10     | Found a sparkling altar of Nemelex Xobeh.
 10899 | D:10     | Found an ancient bone altar of Kikubaaqudgha.
 10977 | D:10     | Reached XP level 11. HP: 80/99 MP: 16/16
 11003 | D:10     | Found a staircase to the Lair.
 11034 | D:10     | Noticed a two-headed ogre
 11049 | D:10     | Killed a two-headed ogre
 11079 | D:10     | Noticed Joseph
 11112 | D:10     | Killed Joseph
 11113 | D:10     | Reached skill level 5 in Armour
 11113 | D:10     | Reached skill level 1 in Dodging
 11939 | Lair:1   | Entered Level 1 of the Lair of Beasts
 12334 | Lair:1   | Noticed a four-headed hydra
 12343 | Lair:1   | Killed a four-headed hydra
 12344 | Lair:1   | Reached skill level 5 in Dodging
 12344 | Lair:1   | Reached skill level 10 in Maces & Flails
 12383 | Lair:1   | You fall into a shaft and drop 1 floor!
 12479 | Lair:2   | Reached **** piety under Beogh
 12908 | Lair:1   | Reached XP level 12. HP: 90/106 MP: 17/17
 13668 | Lair:1   | Gained Bogrim as an ally
 13751 | Lair:2   | Found a staircase to the Snake Pit.
 13764 | Lair:2   | HP: 5/106 [naga (14)]
 13765 | Lair:2   | HP: 1/106 [constriction (5)]
 13766 | Lair:2   | Succumbed to a naga's splash of poison

Illustrated notes

Levels and vault maps discovered:
D:1:      sevenhm_arrival_forest_fort_small_3, layout_basic,
          hellmonk_ecumenical_altar_arch_garden
D:2:      minmay_angry_zag, layout_rooms, nrook_loot_triangle,
          minmay_misc_feat_room, nicolae_wormholes, uniq_natasha
D:3:      minmay_recursive_quarters, layout_loops_ring, serial_shops, shop
D:4:      old_forge, layout_loops_ring, chequers_serial_rivers_marsh
D:5:      layout_basic, gammafunk_ghost_abyssal_escape
D:6:      minmay_clustersquares, layout_loops_ring,
          minmay_temple_entry_statues_pillars, serial_shops, shop_fountains,
          nicolae_underground_beach
D:7:      layout_basic
D:8:      layout_loops_ring, nicolae_island_escapes
D:9:      layout_long_grid, orc_0_dummy, serial_shops, shop_statue, uniq_erolcha
D:10:     layout_basic, mainiacjoe_overflow_catwalk_spiral,
          due_lair_maze_entry_diamond, uniq_joseph
D:11:     layout_basic, small_statue_intersection
Temple:   mainiacjoe_temple_big_plus
Lair:1:   layout_roguey, lemuel_old_faithful, grunt_megastairs_1
Lair:2:   layout_roguey, minmay_swamp_entry_worms,
          minmay_snake_entry_guardpost_small, serial_bayou_shore_b

Skill      XL: |  1  2  3  4  5  6  7  8  9 10 11 12 |
---------------+-------------------------------------+-----
Axes           | 3 4 5 6 7 8 9 11 13 | 13.4
Fighting       | 4 5 7 9 10 | 10.0
Invocations    | 1 3 5 7 8 |  8.1
Maces & Flails | 3 9 11 12 | 12.1
Armour         | 5 |  5.0
Dodging        | 5 |  5.0
Shields        | 4 |  4.0

Action                   |  1- 3 |  4- 6 |  7- 9 | 10-12 || total
-------------------------+-------+-------+-------+-------++-------
Melee: War axe           |    88 |   130 |     8 |       ||   226
       Whip              |       |    19 |   448 |   286 ||   753
       Flail             |       |       |       |   179 ||   179
 Fire: Hunting sling     |    11 |    42 |       |       ||    53
Throw: Dart              |       |       |    11 |     3 ||    14
Invok: Convert to Beogh  |       |     1 |       |       ||     1
       Recall Orcish Fol |       |       |       |     4 ||     4
       Stop Recall       |       |       |       |     1 ||     1
Evoke: Wand              |       |       |       |     3 ||     3
  Use: Scroll            |       |       |    11 |     5 ||    16
       Potion            |       |       |     3 |     6 ||     9
 Stab: Distracted        |       |     1 |       |     4 ||     5
       Held in net/web   |       |       |     1 |       ||     1
       Confused          |       |       |       |     1 ||     1
Armor: Scale mail        |    62 |    10 |       |       ||    72
       Plate armour      |       |    50 |   160 |       ||   210
       Chain mail        |       |       |    12 |   122 ||   134
Dodge: Dodged            |    53 |    47 |    69 |    66 ||   235
Block: Buckler           |    27 |    29 |    56 |       ||   112
       Kite shield       |       |       |   108 |   230 ||   338

Table legend: (Time is in decaauts)
 A = Elapsed time spent in this place.
 B = Non-inter-level travel time spent in this place.
 C = Inter-level travel time spent in this place.
 D = Time resting spent in this place.
 E = Time spent auto-exploring this place.
 F = Levels seen in this place.
 G = Mean time per level.
                   A        B        C        D        E       F      G
               +--------+--------+--------+--------+--------+-----+--------+
         Total |  13799 |  11687 |   2112 |   1703 |   6142 |  14 |  985.6 |
       Dungeon |  11708 |   9739 |   1969 |   1480 |   5120 |  11 | 1064.4 |
        Temple |    495 |    465 |     30 |      0 |    390 |   1 |  495.0 |
          Lair |   1596 |   1484 |    112 |    223 |    631 |   2 |  798.0 |
               +--------+--------+--------+--------+--------+-----+--------+

Top non-repeatable levels by time:
     D:8: 1450 daAuts
     D:6: 1439 daAuts
     D:2: 1258 daAuts
    D:10: 1251 daAuts
     D:4: 1224 daAuts
  Lair:1: 1210 daAuts
     D:5: 1165 daAuts
     D:7: 1142 daAuts
     D:9: 1000 daAuts
     D:1: 915 daAuts
     D:3: 859 daAuts
  Temple: 495 daAuts
  Lair:2: 385 daAuts
    D:11: 1 daAuts
